 Dungeon Crawl Stone Soup version 0.26.0-45-g9c1d065592 (webtiles) character file.

Game seed: 12408882162665231218

168 kaeus the Sneak (level 5, -11/31 HPs)
             Began as an Octopode Enchanter on Jan 29, 2021.
             Was an Initiate of Dithmenos.
             Mangled by an ogre
             ... wielding a +0 giant club
              (29 damage)
             ... on level 4 of the Dungeon.
             The game lasted 00:04:37 (4682 turns).

kaeus the Sneak (Octopode Enchanter)                Turns: 4682, Time: 00:04:38

Health: -11/31     AC:  1    Str:  7    XL:     5   Next: 48%
Magic:  0/8        EV: 14    Int: 17    God:    Dithmenos [......]
Gold:   139        SH:  0    Dex: 14    Spells: 3/9 levels left

rFire    . . .     SeeInvis .   u - +4 dagger (venom)
rCold    . . .     Faith    .   (no shield)
rNeg     . . .     Spirit   .   (helmet restricted)
rPois    .         Reflect  .   (no amulet)
rElec    .         Harm     .   k - ring of wizardry
rCorr    .         Rampage  .   (no ring)
Will     .....                  (no ring)
Stlth    ++++......             (no ring)
HPRegen  0.10/turn              (no ring)
MPRegen  0.11/turn              (no ring)
                                (no ring)
                                (no ring)

@: no status effects
A: almost no armour, stealthy swim, amphibious, 8 rings, constrict 8, camouflage
1, gelatinous body 1
a: Renounce Religion


You were on level 4 of the Dungeon.
You worshipped Dithmenos.
Dithmenos was noncommittal.
You visited 1 branch of the dungeon, and saw 5 of its levels.

You collected 139 gold pieces.

Inventory:

Hand Weapons
 u - a +4 dagger of venom (weapon)
Missiles
 n - 10 poisoned darts
Armour
 j - a +2 kite shield
Jewellery
 k - a ring of wizardry (left tentacle)
Wands
 q - a wand of flame (14)
Scrolls
 b - 2 scrolls of teleportation
 o - 2 scrolls of remove curse
Potions
 c - 4 potions of flight
 e - 5 potions of curing {unknown}
 f - a potion of might {unknown}
 g - 2 potions of heal wounds {unknown}
 h - 3 potions of mutation {unknown}
 i - 2 potions of attraction {unknown}
 r - a potion of haste {unknown}
 s - a potion of brilliance {unknown}


   Skills:
 + Level 1.9 Short Blades
 * Level 3.4 Dodging
 * Level 5.6 Stealth
 + Level 2.6 Spellcasting
 + Level 3.4 Hexes


You had 3 spell levels left.
You knew the following spells:

 Your Spells              Type           Power        Failure   Level
a - Corona                Hex            14%          1%          1
b - Ensorcelled Hibernat  Hex/Ice        16%          6%          2
c - Dazzling Flash        Conj/Hex       16%          11%         3

Your spell library contained the following spells:

 Spells                   Type           Power        Failure   Level
 Confusing Touch          Hex            13%          5%          3
 Tukima's Dance           Hex            13%          5%          3
 Animate Skeleton         Necr           4%           8%          1
 Apportation              Tloc           4%           8%          1
 Summon Small Mammal      Summ           8%           8%          1


Dungeon Overview and Level Annotations

Branches:
Dungeon (5/15)
 Temple: D:4-7

Altars:
Ashenzari
Cheibriados
Dithmenos
Fedhas
Qazlal
Trog
Yredelemnul
The Shining One

Annotations:
D:3 1 runed translucent door, thiole's ghost, amateur OpWz


Innate Abilities, Weirdness & Mutations

You cannot wear most types of armour.
You are very stealthy in the water. (Stealth+)
You are amphibious.
You can wear up to eight rings at the same time.
You can use your tentacles to constrict eight enemies at once.
Your skin changes colour to match your surroundings (Stealth+).
Your rubbery body absorbs attacks. (AC +1, EV +1)


Message History

An ogre comes into view. It is wielding a +0 giant club.
The ogre shouts!
Found a black potion.
Found a stone staircase leading down.
There is a stone staircase leading up here.
The ogre resists with some effort.
You now have 6/8 mp.
The ogre resists with some effort.
The ogre hits you with a +0 giant club!
You take 13 damage, and have 18/31 hp.
MASSIVE DAMAGE!!
You now have 4/8 mp.
The ogre resists with some effort.
The ogre misses you.
You now have 2/8 mp.
The ogre resists with some effort.
The ogre closely misses you.
You now have 0/8 mp.
You are too depleted to draw on your mana recklessly!
You hit the ogre. You squeeze the ogre!
The ogre is moderately wounded.
You hit the ogre.
The ogre is poisoned.
The ogre is heavily wounded.
The ogre hits you with a +0 giant club!!
Ouch! That really hurt!
You die...

.# .#
######.#
#......#
#......#
#......######
#........!...
#....@O#
#......#
#......#
#......#
####...#
#.... #>..#
#####


You could see an ogre (very poisoned).

Vanquished Creatures
  A howler monkey (D:4)
  A bullfrog skeleton (D:4)
  2 adders
  2 worms
  3 dart slugs
  2 leopard geckos
  7 orcs (D:3)
  A bat (D:3)
  4 giant cockroaches
  11 goblins
  3 hobgoblins
  3 jackals (D:2)
  2 kobolds
  4 quokkas
  8 frilled lizards
  9 rats
63 creatures vanquished.

Vanquished Creatures (others)
  4 fungi (D:2)
  4 plants (D:2)
8 creatures vanquished.

Grand Total: 71 creatures vanquished

Notes
Turn   | Place    | Note
-------+----------+-------------------------------------------
     0 | D:1      | kaeus the Octopode Enchanter began the quest for the Orb.
     0 | D:1      | Reached XP level 1. HP: 11/11 MP: 3/3
   514 | D:1      | Reached XP level 2. HP: 11/17 MP: 5/5
  1566 | D:2      | Reached XP level 3. HP: 11/21 MP: 6/6
  1569 | D:2      | Learned a level 2 spell: Ensorcelled Hibernation
  1573 | D:2      | Learned a level 3 spell: Dazzling Flash
  1671 | D:2      | Found a blossoming altar of Fedhas.
  1881 | D:2      | Found a stormy altar of Qazlal.
  2252 | D:2      | Found a broken altar of Ashenzari.
  2655 | D:3      | Reached skill level 5 in Stealth
  2681 | D:3      | Reached XP level 4. HP: 15/27 MP: 7/7
  3230 | D:3      | You fall into a shaft and drop 2 floors!
  3230 | D:5      | Entered Level 5 of the Dungeon
  3231 | D:5      | Noticed a phantom
  3312 | D:4      | Reached XP level 5. HP: 23/31 MP: 8/8
  3362 | D:3      | HP: 1/31 [adder (2)]
  3767 | D:3      | Found a bloodstained altar of Trog.
  3767 | D:3      | Found a snail-covered altar of Cheibriados.
  3771 | D:3      | Found a shadowy altar of Dithmenos.
  3905 | D:3      | Found a runed translucent door.
  3905 | D:3      | Noticed thiole's ghost (amateur OpWz)
  4233 | D:3      | Found a glowing golden altar of the Shining One.
  4242 | D:3      | Found a basalt altar of Yredelemnul.
  4466 | D:3      | Noticed an angel
  4578 | D:3      | Became a worshipper of Dithmenos the Shadowed
  4676 | D:4      | Noticed an ogre
  4682 | D:4      | Mangled by an ogre

Illustrated notes

Levels and vault maps discovered:
D:1:      arrival_zaba_pyramid, layout_basic
D:2:      layout_loops_ring, grunt_temple_overflow_forces_of_nature,
          lemuel_round_altar
D:3:      layout_basic, grunt_temple_overflow_holy_war,
          grunt_temple_overflow_open, gammafunk_ghost_grave, minmay_starry_boxes
D:4:      layout_rooms, uniq_pikel
D:5:      layout_rooms

Skill      XL: |  1  2  3  4 |
---------------+-------------+-----
Stealth        | 5 |  5.6
Dodging        | 3 |  3.4
Short Blades   | |  1.9
Spellcasting   | |  2.6
Hexes          | |  3.4

Action                   |  1- 3 |  4- 6 || total
-------------------------+-------+-------++-------
Melee: Dagger            |    89 |    66 ||   155
       Constrict         |    22 |    20 ||    42
       Tentacles         |     9 |    23 ||    32
 Cast: Dazzling Flash    |     1 |       ||     1
       Ensorcelled Hiber |       |     4 ||     4
  Use: Scroll            |       |     9 ||     9
 Stab: Sleeping          |     9 |     3 ||    12
Armor: Skin              |     3 |     1 ||     4
Dodge: Dodged            |    44 |    47 ||    91
